 Dungeon Crawl Stone Soup version 0.31-a0-204-g7da18cac08 (webtiles) character file.

Game seed: 1396004135670821444

201 porpoise the Shooter (level 5, -4/32 HPs)
             Began as a Tengu Hunter on June 28, 2023.
             Splashed by a jelly's acid (8 damage)
             ... on level 4 of the Dungeon.
             The game lasted 00:03:29 (1037 turns).

porpoise the Shooter (Tengu Hunter)                 Turns: 1037, Time: 00:03:29

Health: -4/32      AC: -5    Str: 11    XL:     5   Next: 79%
Magic:  6/6        EV: 14    Int:  9    God:
Gold:   84         SH:  0    Dex: 20    Spells: 4/4 levels left

rFire   . . .        a - +0 shortbow
rCold   . . .        (shield currently unavailable)
rNeg    . . .        c - +0 leather armour
rPois   .            (helmet restricted)
rElec   .            (no cloak)
rCorr   .            (no gloves)
SInv    .            (boots unavailable)
Will    .....        (no amulet)
Stlth   ++           (no ring)
HPRegen 0.25/turn    (no ring)
MPRegen 0.10/turn

%: no passive effects
@: corroded, flying quickly and evasively, quick
A: beak, talons 3, nimble flight
a: no special abilities


You were on level 4 of the Dungeon.
You visited 1 branch of the dungeon, and saw 3 of its levels.

You collected 84 gold pieces.

Inventory:

Hand Weapons
 a - a +0 shortbow (weapon)
 b - a +1 dagger of venom
Armour
 c - a +0 leather armour (worn)
Magical Staves
 e - a staff of earth
Scrolls
 d - a scroll of identify {unknown}
 f - a scroll of butterflies


   Skills:
 + Level 3.3 Fighting
 * Level 6.1 Ranged Weapons
 - Level 2.1 Dodging
 + Level 3.0 Stealth


You had 4 spell levels left.
You didn't know any spells.
Your spell library was empty.

Dungeon Overview and Level Annotations

Branches:
Dungeon (2/15)

Altars:
Gozag
Ru

Annotations:
D:4 3 runed translucent doors


Innate Abilities, Weirdness & Mutations

You have a beak for a mouth.
You have claws for feet.
Your magical nature lets you fly swiftly and evasively.


Message History

The scorpion misses you.
You shoot an arrow. The arrow closely misses the scorpion.
The scorpion stings you.
You shoot an arrow.
The arrow hits the scorpion but does no damage.
The scorpion is heavily wounded.
The scorpion closely misses you.
You shoot an arrow. The arrow hits the scorpion!
You kill the scorpion!
Your Ranged Weapons skill increases to level 6!
Your Stealth skill increases to level 3!
No target in view!
You start resting.
HP restored.
Found 6 stones.
Found an escape hatch in the floor.
A jelly and a ball python come into view.
The jelly quivers.
You shoot an arrow. The arrow hits the jelly.
The jelly is lightly wounded.
You hear an angry hiss.
You shoot an arrow. The arrow barely misses the jelly.
The jelly closely misses you.
You shoot an arrow. The arrow hits the jelly.
The jelly is moderately wounded.
The jelly hits you. The acid corrodes you!
You are splashed with acid!
You shoot an arrow. The arrow hits the jelly.
The jelly is heavily wounded.
The jelly hits you.
You are splashed with acid!
You are too injured to fight recklessly!
You are too injured to fight recklessly!
You shoot an arrow. The arrow barely misses the jelly.
The jelly hits you.
You are splashed with acid.
* * * LOW HITPOINT WARNING * * *
You shoot an arrow. The arrow hits the jelly!
The jelly is almost dead.
The jelly misses you. The jelly hits you.
* * * LOW HITPOINT WARNING * * *
The acid corrodes you!
You are splashed with acid!
You die...

##.. #.. #... #..
#... #..##..##
###...#..
#...#...####....##.##
...##..........#†.##
...#.......(.##..##
#.##.......##...##
#@.###+++###..#...
#.##J..........#####
#...S........### #
###.######..<# # #.
#.....# # #S #.###.#
# .. #. ># # ## #. .#
# .. .# ##


You could see a jelly and a ball python.

Vanquished Creatures
  2 scorpions (D:4)
  2 gnolls (D:1)
  2 ufetubi (D:4)
  A dart slug (D:1)
  An orc (D:4)
  3 endoplasms
  A giant cockroach (D:2)
  4 goblins
  6 hobgoblins
  4 jackals (D:1)
  7 kobolds
  A quokka (D:1)
  4 bats (D:1)
  2 frilled lizards (D:1)
  A rat (D:2)
41 creatures vanquished.

Notes
Turn   | Place    | Note
-------+----------+-------------------------------------------
     0 | D:1      | porpoise the Tengu Hunter began the quest for the Orb.
     0 | D:1      | Reached XP level 1. HP: 12/12 MP: 2/2
    50 | D:1      | Reached XP level 2. HP: 17/17 MP: 3/3
   156 | D:1      | Reached XP level 3. HP: 22/22 MP: 4/4
   213 | D:1      | Reached skill level 5 in Ranged Weapons
   615 | D:2      | Reached XP level 4. HP: 27/27 MP: 5/5
   695 | D:2      | You fall into a shaft and drop 2 floors!
   748 | D:4      | Found a sacrificial altar of Ru.
   752 | D:4      | Found an opulent altar of Gozag.
   836 | D:4      | Noticed a scorpion
   844 | D:4      | Killed a scorpion
   845 | D:4      | Gained mutation: Your magical nature lets you fly swiftly
                  | and evasively. [Tengu growth]
   845 | D:4      | Reached XP level 5. HP: 8/32 MP: 6/6
   999 | D:4      | Reached skill level 6 in Ranged Weapons
  1021 | D:4      | Found a runed translucent gate.
  1021 | D:4      | Found a runed translucent gate.
  1021 | D:4      | Found a runed translucent gate.
  1037 | D:4      | Splashed by a jelly's acid

Illustrated notes

Levels and vault maps discovered:
D:1:      ebering_trefoil_twist, layout_rooms
D:2:      layout_basic, st_stairs_4
D:4:      kennysheep_six_static_rooms, layout_loops_ring,
          nicolae_overflow_hidden_temple, gammafunk_ghost_icy

Skill      XL: |  1  2  3  4  5 |
---------------+----------------+-----
Ranged Weapons | 5 6 |  6.1
Stealth        | 2 3 |  3.0
Fighting       | 3 |  3.3
Dodging        | |  2.1

Action                     |  1- 3 |  4- 6 || total
---------------------------+-------+-------++-------
   Fire: Shortbow          |    67 |    41 ||   108
 Armour: Leather armour    |     1 |     1 ||     2
  Dodge: Dodged            |    11 |    13 ||    24

Table legend: (Time is in decaauts)
 A = Elapsed time spent in this place.
 B = Non-inter-level travel time spent in this place.
 C = Inter-level travel time spent in this place.
 D = Time resting spent in this place.
 E = Time spent auto-exploring this place.
 F = Levels seen in this place.
 G = Mean time per level.
                   A        B        C        D        E       F      G
               +--------+--------+--------+--------+--------+-----+--------+
         Total |   1049 |   1042 |      7 |    235 |    485 |   3 |  349.7 |
       Dungeon |   1049 |   1042 |      7 |    235 |    485 |   3 |  349.7 |
               +--------+--------+--------+--------+--------+-----+--------+

Top non-repeatable levels by time:
     D:1: 560 daAuts
     D:4: 343 daAuts
     D:2: 145 daAuts
